 Dungeon Crawl Stone Soup version 0.22-a0-769-g178e55541d (webtiles) character file.

7 LordofOblivion the Digger (level 2, 15/15 HPs)
             Began as a Gargoyle Earth Elementalist on July 17, 2018.
             Quit the game on level 1 of the Dungeon on July 29, 2018.
             The game lasted 00:01:55 (148 turns).

LordofOblivion the Digger (GrEE)                     Turns: 148, Time: 00:01:56

Health: 15/15      AC:  4    Str: 11    XL:     2   Next: 4%
Magic:  1/5        EV: 12    Int: 15    God:
Gold:   10         SH:  0    Dex: 10    Spells: 4/5 levels left

rFire    . . .     SeeInvis .   (no weapon)
rCold    . . .     Gourm    .   (no shield)
rNeg     + . .     Faith    .   c - +0 robe
rPois    ∞         Spirit   .   (no helmet)
rElec    +         Reflect  .   (no cloak)
rCorr    .         Harm     .   (no gloves)
MR       .....                  (no boots)
Stlth    ++........             (no amulet)
HPRegen  0.05/turn              (no ring)
MPRegen  0.09/turn              (no ring)

@: no status effects
A: negative energy resistance 1, electricity resistance, unbreathing,
petrification resistance, rot immunity, AC +2
a: no special abilities


You were on level 1 of the Dungeon.
You were not hungry.

You visited 1 branch of the dungeon, and saw 1 of its levels.

You collected 10 gold pieces.

Inventory:

Missiles
 b - 22 stones (quivered)
Armour
 c - a +0 robe (worn)
Scrolls
 a - a scroll of enchant armour {unknown}
Comestibles
 d - a ration


   Skills:
 + Level 1.6 Dodging
 + Level 2.2 Stealth
 + Level 2.0 Spellcasting
   Level 0.7 Transmutations
 + Level 4.1 Earth Magic


You had 4 spell levels left.
You knew the following spells:

 Your Spells              Type           Power        Failure   Level  Hunger
a - Sandblast             Erth           ##....       4%          1    #......

Your spell library contained the following spells:

 Spells                   Type           Power        Failure   Level  Hunger
 Stone Arrow              Conj/Erth      #.....       28%         3    ###....
 Passwall                 Tmut/Erth      #.......     12%         2    ###....
 Lee's Rapid Deconstruct  Erth           ##........   75%         5    ######.
 Petrify                  Tmut/Erth      #.......     63%         4    #####..


Dungeon Overview and Level Annotations

Branches:
Dungeon (1/15)

Altars:


Innate Abilities, Weirdness & Mutations

You are resistant to torment.
Your stone body is resilient. (AC +2)
You are immune to poison.
You resist negative energy. (rN+)
You are resistant to electric shocks. (rElec)
You can survive without breathing.
You are immune to petrification.
You are immune to rotting.


Message History

Aiming: Sandblast (safe; 4% risk of failure)
Press: ? - help, Shift-Dir - straight line, f/p - dart slug
Aim: a dart slug (heavily wounded, clinging)
The blast of sand hits the dart slug.
You kill the dart slug!
Your Earth Magic skill increases to level 4!
You have reached level 2!
b - 22 stones Welcome back, LordofOblivion the Gargoyle Earth Elementalist.
Press ? for a list of commands and other information.
You see here a club.
Unknown command.
Quiver which item? (- for none, * to show all) (? for menu, Esc to quit)
Okay, then.
Unknown command.
Unknown command.
You swing at nothing.
Unknown command.
Unknown command.
Are you sure you want to abandon this character and quit the game? (Confirm with "yes".)

#.......
#.......
.........
......#
#........
......#
#........ .....#
#........
#...####........
#....##........
#@...##........
.
#..............
..
#....###..#.##.
... ##..).....#
....##..#####.#.
.............>..
....##..#####.#.
.... #..# ###
....##.†#####


There were no monsters in sight!

Vanquished Creatures
  A dart slug (D:1)
  2 goblins (D:1)
  A hobgoblin (D:1)
  A kobold (D:1)
5 creatures vanquished.

Notes
Turn   | Place    | Note
-------+----------+-------------------------------------------
     0 | D:1      | LordofOblivion the Gargoyle Earth Elementalist began the quest for the Orb.
     0 | D:1      | Reached XP level 1. HP: 10/10 MP: 3/3
   139 | D:1      | Reached skill level 4 in Earth Magic
   139 | D:1      | Reached XP level 2. HP: 15/15 MP: 1/5
   148 | D:1      | Quit the game

Vault maps used:
D:1:      lightli_arrival_maybe_door_vault, serial_curves, eino_curves_02,
          eino_curves_03

Skill      XL: |  1 |
---------------+----+-----
Earth Magic    | 4 |  4.1
Dodging        | |  1.6
Stealth        | |  2.2
Spellcasting   | |  2.0
Transmutations | |  0.7

Action                   || total
-------------------------++-------
Melee: Unarmed           ||     8
 Cast: Sandblast         ||     8
Dodge: Dodged            ||     5

Table legend:
 A = Spawn XP
 B = Non-spawn XP
 C = Spawn XP percentage of total XP
 D = Spawn monster count
 E = Non-spawn monster count
 F = Spawn count percentage of total count
 G = Total turns spent on level
                    A         B        C        D         E        F      G
               +---------+---------+-------+---------+---------+-------+---------
         Total |       0 |      11 |   0.0 |       0 |       5 |   0.0 |   148
               +---------+---------+-------+---------+---------+-------+---------
           D:1 |       0 |      11 |   0.0 |       0 |       5 |   0.0 |   148
               +---------+---------+-------+---------+---------+-------+---------
